IL
LOUISVILLE BATS @ SCRANTON WB RAILRIDERS
04/24/2099
 
TOP OF THE 1ST
Louisville Bats batting - Pitching for Scranton WB RailRiders : RHP Matt Engel
Pitching: RHP Matt Engel
Batting: RHB Rodolfo Gutierrez 0-0: Called Strike
0-1: SOLO HOME RUN (Line Drive, 78XD, EV 103.8 MPH), Distance : 402 ft
Batting: RHB Walt McGraw 0-0: Ground out 5-3 (Groundball, 5, EV 84.4 MPH)
Batting: RHB Ed Pride 0-0: Hit by Pitch
Batting: RHB Josh Simms 0-0: Called Strike
0-1: Swinging Strike
0-2: Strikes out swinging
Batting: LHB John Small 0-0: Foul Ball, location: 7LDF
0-1: Ball
1-1: Called Strike
1-2: Foul Ball, location: 2LF
1-2: Foul Ball, location: 3F
1-2: Fly out, F7 (Flyball, 7S, EV 81.3 MPH)
Top of the 1st over - 1 run, 1 hit, 0 errors, 1 left on base; Louisville 1 - Scranton WB 0
BOTTOM OF THE 1ST
Scranton WB RailRiders batting - Pitching for Louisville Bats : RHP Andy Maine
Pitching: RHP Andy Maine
Batting: LHB Danny Grimes 0-0: Foul Ball, location: 9LMF
0-1: Swinging Strike
0-2: Ball
1-2: Foul Ball, location: 23F
1-2: Ball
2-2: Ball
3-2: Foul Ball, location: 2F
3-2: Foul Ball, location: 25F
3-2: Strikes out swinging
Batting: SHB Ethan Gavin 0-0: Called Strike
0-1: Swinging Strike
0-2: Foul Ball, location: 7LMF
0-2: Fly out, F8 (Flyball, 8RM, EV 89.4 MPH)
Batting: LHB John Merryman 0-0: Ball
1-0: Called Strike
1-1: Ball
2-1: Foul Ball, location: 23F
2-2: Foul Ball, location: 2RF
2-2: SINGLE (Groundball, 6MD, EV 108.1 MPH)
Batting: SHB Roberto Campos 0-0: Foul Ball, location: 2LF
0-1: Ball
1-1: Ball
2-1: Called Strike
2-2: Strikes out looking
Bottom of the 1st over - 0 runs, 1 hit, 0 errors, 1 left on base; Louisville 1 - Scranton WB 0
TOP OF THE 2ND
Louisville Bats batting - Pitching for Scranton WB RailRiders : RHP Matt Engel
Batting: RHB Manny Hernandes 0-0: Ball
1-0: Ball
2-0: Called Strike
2-1: Swinging Strike
2-2: Ball
3-2: Strikes out swinging
Batting: SHB Mike Pagan 0-0: Ball
1-0: Swinging Strike
1-1: Ball
2-1: Ball
3-1: SINGLE (Flyball, 56D, EV 90.0 MPH)
Batting: LHB Jonathan Phillips 0-0: Called Strike
0-1: Ball
1-1: Fly out, F7 (Flyball, 7S, EV 81.9 MPH)
Batting: SHB Greg Jenniferl 0-0: Ball
1-0: Fly out, F8 (Flyball, 8LM, EV 87.5 MPH)
Top of the 2nd over - 0 runs, 1 hit, 0 errors, 1 left on base; Louisville 1 - Scranton WB 0
BOTTOM OF THE 2ND
Scranton WB RailRiders batting - Pitching for Louisville Bats : RHP Andy Maine
Batting: RHB Jared Brown 0-0: Ground out 6-3 (Groundball, 6, EV 89.4 MPH)
Batting: LHB Jose Berumen 0-0: Ball
1-0: Ball
2-0: Fly out, F5 (Popup, 56S, EV 80.6 MPH)
Batting: RHB Jeremy Boland 0-0: Ball
1-0: Called Strike
1-1: Ball
2-1: Called Strike
2-2: Strikes out swinging
Bottom of the 2nd over - 0 runs, 0 hits, 0 errors, 0 left on base; Louisville 1 - Scranton WB 0
TOP OF THE 3RD
Louisville Bats batting - Pitching for Scranton WB RailRiders : RHP Matt Engel
Batting: RHB Rodolfo Gutierrez 0-0: Swinging Strike
0-1: Ball
1-1: SINGLE (Line Drive, 4D, EV 108.1 MPH)
Batting: RHB Walt McGraw 0-0: SINGLE (Groundball, 34D, EV 97.5 MPH)
Rodolfo Gutierrez to second
Runner from 2nd tries for 3rd, SAFE, no throw by RF
Batting: RHB Ed Pride 0-0: Ball
1-0: Foul Ball, location: 25F
1-1: Swinging Strike
1-2: Ball
2-2: Foul Ball, location: 9LMF
2-2: Fly out, F7 (Flyball, 78M, EV 88.8 MPH)
Runner from 3rd tags up, SCORES, throw by LF
Batting: RHB Josh Simms 0-0: Ball
1-0: Called Strike
1-1: Swinging Strike
1-2: Ball
2-2: Fly out, F7 (Flyball, 7S, EV 93.8 MPH)
Batting: LHB John Small 0-0: Ball
1-0: Swinging Strike
1-1: Ball
2-1: Swinging Strike
2-2: Foul Ball, location: 25FF
2-2: Hit by Pitch
Walt McGraw to second
Batting: RHB Manny Hernandes 0-0: Called Strike
0-1: Ball
1-1: Foul Ball, location: 2F
1-2: SINGLE (Groundball, 3D, EV 105.0 MPH)
Walt McGraw to third
John Small to second
Runner from 3rd tries for Home, SAFE, throw by RF to home
John Small to third
Manny Hernandes to second
Batting: SHB Mike Pagan 0-0: Ball
1-0: Ball
2-0: Swinging Strike
2-1: Foul Ball, location: 23F
2-2: Ball
3-2: Base on Balls
Batting: LHB Jonathan Phillips 0-0: Called Strike
0-1: Ball
1-1: DOUBLE (Flyball, 7D, EV 98.8 MPH)
John Small scores
Manny Hernandes scores
Mike Pagan to third
Runner from 3rd tries for Home, SAFE, no throw by LF
Pitching: LHP Jaylen Cox
Batting: SHB Greg Jenniferl 0-0: Ball
1-0: Foul Ball, location: 7LSF
1-1: Foul Ball, location: 2F
1-2: Foul Ball, location: 5FF
1-2: Foul Ball, location: 23F
1-2: Strikes out swinging
Top of the 3rd over - 5 runs, 4 hits, 0 errors, 1 left on base; Louisville 6 - Scranton WB 0
BOTTOM OF THE 3RD
Scranton WB RailRiders batting - Pitching for Louisville Bats : RHP Andy Maine
Batting: RHB William Gonzalez 0-0: Foul Ball, location: 9LMF
0-1: Fly out, F8 (Flyball, 8RM, EV 86.3 MPH)
Batting: RHB Matt Null 0-0: Called Strike
0-1: Ball
1-1: Called Strike
1-2: Foul Ball, location: 7LDF
1-2: Ground out 5-3 (Groundball, 56, EV 108.1 MPH)
Batting: LHB Danny Grimes 0-0: Called Strike
0-1: Fly out, F9 (Flyball, 9, EV 98.1 MPH)
Bottom of the 3rd over - 0 runs, 0 hits, 0 errors, 0 left on base; Louisville 6 - Scranton WB 0
TOP OF THE 4TH
Louisville Bats batting - Pitching for Scranton WB RailRiders : LHP Jaylen Cox
Batting: RHB Rodolfo Gutierrez 0-0: Foul Ball, location: 5FF
0-1: SOLO HOME RUN (Flyball, 7D, EV 96.3 MPH), Distance : 381 ft
Batting: RHB Walt McGraw 0-0: Called Strike
0-1: Foul Ball, location: 5F
0-2: SINGLE (Groundball, 34D, EV 96.9 MPH)
Batting: RHB Ed Pride 0-0: Foul Ball, location: 2F
0-1: Ball
1-1: Ball
2-1: Ball
3-1: Swinging Strike
3-2: Foul Ball, location: 5F
3-2: Foul Ball, location: 9LSF
3-2: Fly out, F8 (Flyball, 8LD, EV 91.9 MPH)
Batting: RHB Josh Simms 0-0: Ball
1-0: Foul Ball, location: 5F
1-1: Ball
2-1: Ball
3-1: Foul Ball, location: 25F
3-2: Strikes out swinging
Batting: LHB John Small 0-0: Swinging Strike
0-1: Called Strike
0-2: Strikes out swinging
Top of the 4th over - 1 run, 2 hits, 0 errors, 1 left on base; Louisville 7 - Scranton WB 0
BOTTOM OF THE 4TH
Scranton WB RailRiders batting - Pitching for Louisville Bats : RHP Andy Maine
Batting: SHB Ethan Gavin 0-0: Called Strike
0-1: Ground out 3-1 (Groundball, 34, EV 101.9 MPH)
Batting: LHB John Merryman 0-0: Swinging Strike
0-1: Ball
1-1: Ball
2-1: Swinging Strike
2-2: Ball
3-2: Strikes out looking
Batting: SHB Roberto Campos 0-0: Called Strike
0-1: Ball
1-1: Called Strike
1-2: Foul Ball, location: 23FF
1-2: Strikes out looking
Bottom of the 4th over - 0 runs, 0 hits, 0 errors, 0 left on base; Louisville 7 - Scranton WB 0
TOP OF THE 5TH
Louisville Bats batting - Pitching for Scranton WB RailRiders : LHP Jaylen Cox
Batting: RHB Manny Hernandes 0-0: Ball
1-0: Ball
2-0: Foul Ball, location: 2LF
2-1: Foul Ball, location: 7LSF
2-2: Foul Ball, location: 2F
2-2: Foul Ball, location: 2F
2-2: Ball
3-2: Base on Balls
Batting: SHB Mike Pagan 0-0: Called Strike
0-1: Fly out, F8 (Flyball, 89M, EV 86.9 MPH)
Batting: LHB Jonathan Phillips 0-0: Called Strike
0-1: Ball
1-1: Ball
2-1: Foul Ball, location: 3F
2-2: Ball
3-2: Foul Ball, location: 7LDF
3-2: 2-RUN HOME RUN (Flyball, 9D, EV 98.8 MPH), Distance : 376 ft
Batting: SHB Greg Jenniferl 0-0: Ball
1-0: Ball
2-0: Called Strike
2-1: Called Strike
2-2: Ball
3-2: Foul Ball, location: 9LMF
3-2: Base on Balls
Batting: RHB Rodolfo Gutierrez 0-0: Called Strike
0-1: Ball
1-1: Ball
2-1: Foul Ball, location: 2F
2-2: SINGLE (Line Drive, 89M, EV 100.6 MPH)
Greg Jenniferl to second
Batting: RHB Walt McGraw 0-0: Called Strike
0-1: Called Strike
0-2: Ball
1-2: SINGLE (Flyball, 78M, EV 96.3 MPH)
Greg Jenniferl to third
Rodolfo Gutierrez to second
Batting: RHB Ed Pride 0-0: SINGLE (Line Drive, 9S, EV 86.3 MPH)
Greg Jenniferl scores
Rodolfo Gutierrez to third
Walt McGraw to second
Batting: RHB Josh Simms 0-0: SINGLE (Flyball, 56D, EV 82.5 MPH)
Rodolfo Gutierrez scores
Walt McGraw to third
Ed Pride to second
Pitching: RHP Jaylen Allen
Batting: LHB John Small 0-0: Called Strike
0-1: Foul Ball, location: 9LMF
0-2: Ball
1-2: Strikes out swinging
Batting: RHB Manny Hernandes 0-0: Ball
1-0: Ball
2-0: Fly out, F7 (Flyball, 7D, EV 93.1 MPH)
Top of the 5th over - 4 runs, 5 hits, 0 errors, 3 left on base; Louisville 11 - Scranton WB 0
BOTTOM OF THE 5TH
Scranton WB RailRiders batting - Pitching for Louisville Bats : RHP Andy Maine
Batting: RHB Jared Brown 0-0: Fly out, F6 (Popup, 6S, EV 61.9 MPH)
Batting: LHB Jose Berumen 0-0: Foul Ball, location: 23FF
0-1: Ball
1-1: Called Strike
1-2: Ball
2-2: Ground out 6-3 (Groundball, 6, EV 103.8 MPH)
Batting: RHB Jeremy Boland 0-0: Foul Ball, location: 23FF
0-1: Ball
1-1: Ball
2-1: Swinging Strike
2-2: SOLO HOME RUN (Flyball, 9D, EV 96.9 MPH), Distance : 370 ft
Batting: RHB William Gonzalez 0-0: SINGLE (Line Drive, 7S, EV 103.8 MPH)
Batting: RHB Matt Null 0-0: Called Strike
0-1: Called Strike
0-2: Strikes out swinging
Bottom of the 5th over - 1 run, 2 hits, 0 errors, 1 left on base; Louisville 11 - Scranton WB 1
TOP OF THE 6TH
Louisville Bats batting - Pitching for Scranton WB RailRiders : RHP Jaylen Allen
Batting: SHB Mike Pagan 0-0: Swinging Strike
0-1: Called Strike
0-2: Ball
1-2: Ground out U3 (Groundball, 3, EV 99.4 MPH)
Batting: LHB Jonathan Phillips 0-0: Ball
1-0: Swinging Strike
1-1: Ball
2-1: Ball
3-1: Base on Balls
Batting: SHB Greg Jenniferl 0-0: Ball
1-0: Ball
2-0: Foul Ball, location: 5FF
2-1: Ball
3-1: Swinging Strike
3-2: Base on Balls
Jonathan Phillips to second
Batting: RHB Rodolfo Gutierrez 0-0: Swinging Strike
0-1: Foul Ball, location: 25F
0-2: Strikes out swinging
Batting: RHB Walt McGraw 0-0: Ball
1-0: DOUBLE (Line Drive, 7LS, EV 102.5 MPH)
Jonathan Phillips scores
Greg Jenniferl to third
Batting: RHB Ed Pride 0-0: Ball
1-0: Called Strike
1-1: Swinging Strike
1-2: Ball
2-2: Ball
3-2: Base on Balls
Batting: RHB Josh Simms 0-0: Called Strike
0-1: Foul Ball, location: 3F
0-2: Ground out 5-3 (Groundball, 56, EV 110.0 MPH)
Top of the 6th over - 1 run, 1 hit, 0 errors, 3 left on base; Louisville 12 - Scranton WB 1
BOTTOM OF THE 6TH
Scranton WB RailRiders batting - Pitching for Louisville Bats : RHP Andy Maine
Batting: LHB Danny Grimes 0-0: Ball
1-0: Foul Ball, location: 2F
1-1: Foul Ball, location: 2F
1-2: DOUBLE (Line Drive, 8RXD, EV 103.8 MPH)
Batting: SHB Ethan Gavin 0-0: Ground out U3 (Groundball, 3, EV 78.8 MPH)
Danny Grimes to third
Batting: LHB John Merryman 0-0: Ball
1-0: Ball
2-0: Ball
3-0: Base on Balls
Batting: SHB Roberto Campos 0-0: Ball
1-0: Called Strike
1-1: Ball
2-1: Ball
3-1: Called Strike
3-2: Fly out, F7 (Flyball, 7LM, EV 78.8 MPH)
Runner from 3rd tags up, OUT at HOME! 7-2
Bottom of the 6th over - 0 runs, 1 hit, 0 errors, 1 left on base; Louisville 12 - Scranton WB 1
TOP OF THE 7TH
Louisville Bats batting - Pitching for Scranton WB RailRiders : RHP Jaylen Allen
Pitching: LHP Sean Warner
Batting: RHB Dallas Miles 0-0: Called Strike
0-1: Ball
1-1: Called Strike
1-2: Ball
2-2: Strikes out looking
Pitching: LHP Ken Moody
Batting: RHB Manny Hernandes 0-0: Ball
1-0: Ball
2-0: Foul Ball, location: 2F
2-1: Ball
3-1: Base on Balls
Batting: SHB Mike Pagan 0-0: Fly out, F6 (Line Drive, 6MD, EV 66.9 MPH)
Batting: LHB Jonathan Phillips 0-0: Swinging Strike
0-1: Swinging Strike
0-2: Strikes out swinging
Top of the 7th over - 0 runs, 0 hits, 0 errors, 1 left on base; Louisville 12 - Scranton WB 1
BOTTOM OF THE 7TH
Scranton WB RailRiders batting - Pitching for Louisville Bats : RHP Andy Maine
Batting: RHB Jared Brown 0-0: Ball
1-0: Called Strike
1-1: Ball
2-1: Ball
3-1: Base on Balls
Batting: LHB Jose Berumen 0-0: Swinging Strike
0-1: Called Strike
0-2: Ball
1-2: Ball
2-2: Ball
3-2: Strikes out swinging
Batting: RHB Jeremy Boland 0-0: Ball
1-0: SINGLE (Groundball, 4MD, EV 101.9 MPH)
Jared Brown to second
Runner from 2nd tries for 3rd, SAFE, no throw by CF
Batting: RHB William Gonzalez 0-0: Ball
1-0: Foul Ball, location: 3F
1-1: Foul Ball, location: 9LSF
1-2: Ball
2-2: Ball
3-2: SINGLE (Line Drive, 6MD, EV 96.9 MPH)
Jared Brown scores
Jeremy Boland to second
Batting: RHB Matt Null 0-0: Called Strike
0-1: Called Strike
0-2: Strikes out swinging
Batting: LHB Danny Grimes 0-0: Foul Ball, location: 3F
0-1: Ball
1-1: Swinging Strike
1-2: Ball
2-2: Ball
3-2: Base on Balls
Jeremy Boland to third
William Gonzalez to second
Pitching: LHP Craig Wilson
Batting: SHB Ethan Gavin 0-0: Ball
1-0: Swinging Strike
1-1: Swinging Strike
1-2: Foul Ball, location: 5SF
1-2: Ball
2-2: Ground out 6-3 (Groundball, 6S, EV 68.1 MPH)
Bottom of the 7th over - 1 run, 2 hits, 0 errors, 3 left on base; Louisville 12 - Scranton WB 2
TOP OF THE 8TH
Louisville Bats batting - Pitching for Scranton WB RailRiders : LHP Ken Moody
Batting: SHB Greg Jenniferl 0-0: Called Strike
0-1: Called Strike
0-2: Ball
1-2: Ball
2-2: Fly out, F8 (Flyball, 8RXD, EV 104.4 MPH)
Batting: RHB Rodolfo Gutierrez 0-0: Called Strike
0-1: Ball
1-1: Ball
2-1: Ball
3-1: Called Strike
3-2: Base on Balls
Batting: RHB Walt McGraw 0-0: Called Strike
0-1: Ball
1-1: Ball
2-1: Swinging Strike
2-2: SINGLE (Groundball, 4MD, EV 97.5 MPH)
Rodolfo Gutierrez to second
Batting: RHB Ed Pride 0-0: Ball
1-0: Swinging Strike
1-1: SINGLE (Groundball, 4M, EV 83.1 MPH) (infield hit)
Rodolfo Gutierrez to third
Walt McGraw to second
Batting: RHB Josh Simms 0-0: Ball
1-0: Ball
2-0: Fielders Choice at 2nd, 5-4 (Groundball, 56, EV 87.5 MPH)
Rodolfo Gutierrez scores
Walt McGraw to third
Batting: RHB Dallas Miles 0-0: Called Strike
0-1: Swinging Strike
0-2: Ball
1-2: Strikes out swinging
Top of the 8th over - 1 run, 2 hits, 0 errors, 2 left on base; Louisville 13 - Scranton WB 2
BOTTOM OF THE 8TH
Scranton WB RailRiders batting - Pitching for Louisville Bats : LHP Craig Wilson
Batting: LHB John Merryman 0-0: Ball
1-0: Ball
2-0: Ball
3-0: Called Strike
3-1: DOUBLE (Line Drive, 3D, EV 97.5 MPH)
Batting: SHB Roberto Campos 0-0: Ball
1-0: Fly out, F3 (Popup, 3F, EV 63.1 MPH)
Batting: RHB Jared Brown 0-0: Fly out, F4 (Popup, 4S, EV 60.0 MPH)
Batting: LHB Jose Berumen 0-0: SINGLE (Line Drive, 7S, EV 78.1 MPH)
John Merryman to third
Runner from 3rd tries for Home, SAFE, throw by LF to home
Jose Berumen to second
Batting: RHB Jeremy Boland 0-0: Ball
1-0: Ball
2-0: Called Strike
2-1: Foul Ball, location: 3F
2-2: Strikes out looking
Bottom of the 8th over - 1 run, 2 hits, 0 errors, 1 left on base; Louisville 13 - Scranton WB 3
TOP OF THE 9TH
Louisville Bats batting - Pitching for Scranton WB RailRiders : LHP Ken Moody
Pinch Hitting: RHB Jody Melton 0-0: Foul Ball, location: 2F
0-1: Hit by Pitch
Batting: SHB Mike Pagan 0-0: Ball
1-0: Swinging Strike
1-1: Fly out, F7 (Flyball, 7S, EV 93.1 MPH)
Batting: LHB Jonathan Phillips 0-0: Ball
1-0: Ball
2-0: Ball
3-0: Swinging Strike
3-1: Foul Ball, location: 25F
3-2: Foul Ball, location: 2F
3-2: Strikes out swinging
Jody Melton is caught stealing 2nd base 2-6
Batter strikes out.
Top of the 9th over - 0 runs, 0 hits, 0 errors, 0 left on base; Louisville 13 - Scranton WB 3
BOTTOM OF THE 9TH
Scranton WB RailRiders batting - Pitching for Louisville Bats : LHP Craig Wilson
Now at 1B: Jody Melton
Batting: RHB William Gonzalez 0-0: Ground out U3 (Groundball, 13, EV 93.1 MPH)
Batting: RHB Matt Null 0-0: Called Strike
0-1: Ball
1-1: Ball
2-1: Foul Ball, location: 3SF
2-2: Fly out, F5 (Popup, 5SF, EV 73.8 MPH)
Batting: LHB Danny Grimes 0-0: Ball
1-0: Ball
2-0: Foul Ball, location: 9LDF
2-1: Ball
3-1: Fly out, F9 (Flyball, 9LMF, EV 88.1 MPH)
Bottom of the 9th over - 0 runs, 0 hits, 0 errors, 0 left on base; Louisville 13 - Scranton WB 3
Saturday, May 4th , 2024 - OOTP Baseball 24.11 Build 85